 Dungeon Crawl Stone Soup version 0.23.2-30-g0e89c35649 (webtiles) character file.

Game seed: 17252137543796362927

37 redwoodhats the Ruffian (level 3, -4/28 HPs)
             Began as a Minotaur Transmuter on June 11, 2019.
             Slain by a gnoll
             ... wielding a +0 halberd
              (18 damage)
             ... on level 2 of the Dungeon.
             The game lasted 00:05:20 (1353 turns).

redwoodhats the Ruffian (Minotaur Transmuter)       Turns: 1353, Time: 00:05:21

Health: -4/28      AC:  3    Str: 17 (20) XL:     3   Next: 23%
Magic:  4/4        EV: 13    Int: 11 (15) God:
Gold:   123        SH:  0    Dex: 13 (14) Spells: 4/5 levels left

rFire    + . .     SeeInvis .   o - +2 dagger (protect)
rCold    x . .     Gourm    .   (no shield)
rNeg     . . .     Faith    .   b - +1 robe
rPois    .         Spirit   .   (helmet restricted)
rElec    .         Reflect  .   (no cloak)
rCorr    .         Harm     .   (no gloves)
MR       .....                  (no boots)
Stlth    ++........             (no amulet)
HPRegen  0.09/turn              i - ring of fire
MPRegen  0.09/turn              (no ring)

@: mighty, brilliant, flying
A: retaliatory headbutt, horns 2, thin skeletal structure 1, agile 1, blink,
deterioration 1
a: Blink


You were on level 2 of the Dungeon.
You were not hungry.

You visited 1 branch of the dungeon, and saw 2 of its levels.

You collected 123 gold pieces.

Inventory:

Hand Weapons
 o - a +2 dagger of protection (weapon)
Missiles
 a - 12 arrows
 l - 7 tomahawks (quivered)
Armour
 b - a +1 robe (worn)
Jewellery
 i - a ring of fire (left hand)
Scrolls
 f - a scroll of identify
 h - a scroll of remove curse
Comestibles
 d - 4 rations


   Skills:
 + Level 1.3 Fighting
 + Level 0.2 Short Blades
 + Level 2.6 Dodging
 + Level 0.7 Stealth
 + Level 3.8 Unarmed Combat
 + Level 1.5 Spellcasting
 + Level 2.0 Transmutations


You had 4 spell levels left.
You knew the following spells:

 Your Spells              Type           Power        Failure   Level  Hunger
a - Beastly Appendage     Tmut           ##....       1%          1    ##.....

Your spell library contained the following spells:

 Spells                   Type           Power        Failure   Level  Hunger
 Sticks to Snakes         Tmut           ##......     2%          2    ###....
 Spider Form              Tmut/Pois      #.........   7%          3    ####...
 Ice Form                 Ice/Tmut       #.......     21%         4    #####..
 Blade Hands              Tmut           ##........   34%         5    ######.


Dungeon Overview and Level Annotations

Branches:
Dungeon (2/15)

Altars:


Innate Abilities, Weirdness & Mutations

You reflexively headbutt those who attack you in melee.
You have a pair of horns on your head.
You have a somewhat thin skeletal structure. (Dex +2, Stealth)
You are agile. (Dex +2)
You can translocate small distances at will.
Your body sometimes deteriorates upon taking damage.


Message History

It was a potion of might.
You feel very mighty all of a sudden. The bat barely misses you.
You furiously retaliate!
You headbutt the bat!
You kill the bat!
It was a potion of magic.
Magic courses through your body. The gnoll barely misses you.
It was a potion of degeneration.
There was something very wrong with that liquid.
You feel weakened.
You feel dopey.
You feel clumsy. The leopard gecko misses you. The gnoll closely misses you. x2
It was a potion of curing.
You feel better. The leopard gecko barely misses you. You furiously retaliate!
You headbutt the leopard gecko!
You kill the leopard gecko!
Your Transmutations skill increases to level 2!
The gnoll hits you with a +0 whip.
Your body deteriorates!
You feel dopey.
The gnoll hits you from afar with a +0 halberd!!
Ouch! That really hurt!
You die...

####### #.....# #.....#
#.....# #.....# #.....# ####
##########..>..# ##...##
#.......##..@..###.....##
#.......##.Zg..##.......#
#.......##....g##.......##
#####..............##.........
#.....#.....................##
#.............................
#.....#....(....#g.##.........
#.[....<......$....##.......#.
#......####.#..#.#...........#


You could see 3 gnolls and a ball python skeleton.

Vanquished Creatures
  A worm (D:2)
  A dart slug (D:1)
  2 leopard geckos (D:2)
  A giant cockroach (D:2)
  6 goblins
  4 hobgoblins (D:1)
  A jackal (D:1)
  6 bats
  A frilled lizard (D:1)
  3 kobolds (D:1)
  A rat (D:1)
27 creatures vanquished.

Notes
Turn   | Place    | Note
-------+----------+-------------------------------------------
     0 | D:1      | redwoodhats the Minotaur Transmuter began the quest for the
                  | Orb.
     0 | D:1      | Reached XP level 1. HP: 16/16 MP: 1/1
   193 | D:1      | Reached XP level 2. HP: 12/23 MP: 3/3
  1314 | D:2      | Reached XP level 3. HP: 19/28 MP: 4/4
  1326 | D:2      | Gained mutation: You are agile. (Dex +2) [potion of
                  | mutation]
  1326 | D:2      | Gained mutation: You can translocate small distances at
                  | will. [potion of mutation]
  1326 | D:2      | Gained mutation: Your body sometimes deteriorates upon
                  | taking damage. [potion of mutation]
  1326 | D:2      | Gained mutation: You have a somewhat thin skeletal
                  | structure. (Dex +2, Stealth) [potion of mutation]
  1353 | D:2      | Slain by a gnoll

Skill      XL: |  1  2  3 |
---------------+----------+-----
Transmutations | 2 |  2.0
Fighting       | |  1.3
Short Blades   | |  0.2
Dodging        | |  2.6
Stealth        | |  0.7
Unarmed Combat | |  3.8
Spellcasting   | |  1.5

Action                   || total
-------------------------++-------
Melee: Unarmed           ||    37
       Kick              ||     3
       Dagger            ||    24
       Headbutt          ||    10
 Cast: Beastly Appendage ||    10
 Abil: Blink             ||     3
  Use: Scroll            ||     5
       Potion            ||     7
 Stab: Sleeping          ||     1
  Eat: Ration            ||     1
Armor: Robe              ||    18
Dodge: Dodged            ||    64
